 Dungeon Crawl Stone Soup version 0.28-b1-78-gc65acfa365 (webtiles) character file.

Game seed: 14218622947626005100

23 Descartes the Ducker (level 2, 0/16 HPs)
             Began as a Deep Elf Wanderer on Feb 4, 2022.
             Slain by a gnoll (6 damage)
             ... on level 1 of the Dungeon.
             The game lasted 00:03:28 (1150 turns).

Descartes the Ducker (Deep Elf Wanderer)            Turns: 1150, Time: 00:03:29

Health: 0/16       AC:  3    Str:  8    XL:     2   Next: 75%
Magic:  7/7        EV: 13    Int: 15    God:
Gold:   54         SH:  0    Dex: 16    Spells: 6/6 levels left

rFire   . . .      SeeInvis .   a - +2 short sword
rCold   . . .      Faith    .   (no shield)
rNeg    . . .      Spirit   .   d - +0 robe
rPois   .          Reflect  .   (no helmet)
rElec   .          Harm     .   (no cloak)
rCorr   .          Rampage  .   (no gloves)
Will    .....                   c - +0 pair of boots
Stlth   +.........              (no amulet)
HPRegen 0.05/turn               (no ring)
MPRegen 0.10/turn               (no ring)

@: no status effects
A: no striking features
a: no special abilities


You were on level 1 of the Dungeon.
You visited 1 branch of the dungeon, and saw 2 of its levels.

You collected 54 gold pieces.

Inventory:

Hand Weapons
 a - a +2 short sword (weapon)
 b - a +0 hand axe
Missiles
 f - 2 throwing nets (quivered)
 g - 26 stones
Armour
 c - a +0 pair of boots (worn)
 d - a +0 robe (worn)
Scrolls
 e - a scroll of enchant weapon {unknown}
 i - a scroll of fog {unknown}
 j - a scroll of identify {unknown}
 k - a scroll of vulnerability {unknown}
Potions
 h - a potion of mutation {unknown}


   Skills:
 - Level 1.0 Fighting
 - Level 2.0 Short Blades
 - Level 2.4 Axes
 - Level 1.0 Armour
 + Level 3.1 Dodging
 + Level 2.6 Spellcasting
 + Level 1.1 Conjurations


You had 6 spell levels left.
You didn't know any spells.
Your spell library was empty.

Dungeon Overview and Level Annotations

Branches:
Dungeon (2/15)

Altars:


Message History

No target in view!
No target in view!
No target in view!
No target in view!
A frilled lizard comes into view.
A frilled lizard is nearby!
The helpless frilled lizard fails to defend itself.
You hit the frilled lizard.
You kill the frilled lizard!
No target in view!
No target in view!
No target in view!
No target in view!
No target in view!
No target in view!
No target in view!
No target in view!
No target in view!
No target in view!
No target in view!
You see here a frilled lizard corpse.
Found 20 sling bullets.
You see here 20 sling bullets.
k - a scroll labelled TONUEL LADEU You see here 20 sling bullets.
You see here a frilled lizard corpse.
Done exploring.
Done exploring.
There is an open door here.
There is a stone staircase leading down here.
You climb downwards.
The gnoll shouts! x3; You hear an angry hiss.
Found a ring mail.
There is a stone staircase leading up here.
The gnoll hits you with a +0 club. The gnoll closely misses you.
You climb upwards.
There is a stone staircase leading down here.
The gnoll hits you with a +0 club. The gnoll hits you with a +0 club.
You die...

..........##.# ##...........#
#### ##...#######.##### #...
##..### #.....# #.## #....#
#.###.# #.# #.##.# ##.###.# #.#
#.##.# #...################.#
##.##.#####.....#g.....^#......#
.........##...#.@.g.>.>.'.######
##.##.##.########.......###
...##.##........#########
#####.#########.#.......### #
#.# #.+...<...'.# #####.#
###.......#.# ......###
#########.# ........# #...#
..#####.## #..##


You could see 2 gnolls.

Vanquished Creatures
  2 ball pythons (D:1)
  5 bats (D:1)
  An endoplasm (D:1)
  A giant cockroach (D:1)
  A goblin (D:1)
  4 hobgoblins (D:1)
  3 frilled lizards (D:1)
  3 kobolds (D:1)
  2 rats (D:1)
22 creatures vanquished.

Notes
Turn   | Place    | Note
-------+----------+-------------------------------------------
     0 | D:1      | Descartes the Deep Elf Wanderer began the quest for the
                  | Orb.
     0 | D:1      | Descartes set off with the following items: a +2 short
                  | sword, a +0 hand axe, a +0 pair of boots, a +0 robe
     0 | D:1      | Reached XP level 1. HP: 12/12 MP: 5/5
   399 | D:1      | Reached XP level 2. HP: 16/16 MP: 7/7
   572 | D:1      | Reached skill level 3 in Dodging
   731 | D:1      | Reached skill level 1 in Conjurations
  1150 | D:1      | Slain by a gnoll

Illustrated notes

Levels and vault maps discovered:
D:1:      minmay_arrival_up_and_down, layout_loops_ring, minmay_cut_off
D:2:      layout_loops_cross, serial_shops, nicolae_square_shop,
          minmay_misc_feat_tower, minmay_misc_feat_square,
          chequers_decorated_corner

Skill      XL: |  1  2 |
---------------+-------+-----
Spellcasting   | 2 |  2.6
Dodging        | 3 |  3.1
Conjurations   | 1 |  1.1
Fighting       | |  1.0
Short Blades   | |  2.0
Axes           | |  2.4
Armour         | |  1.0

Action                   || total
-------------------------++-------
Melee: Short sword       ||    66
 Stab: Sleeping          ||     3
Armor: Robe              ||    15
Dodge: Dodged            ||    58
